Map: Blackburn LE

Players

DisK

  • Race: Protoss Protoss
  • League: Master

SpeCial - Winner!

  • Race: Terran Terran
  • League: Master

Event: DreamHack SC2 Masters Last Chance 2022

VOD

Have the link to the VOD?

Description

Time

  • Played on: Dec. 19, 2021, 6:50 p.m.
  • Length: 4:41

All games in this series

Show
View Real Time Build Order
Export as new Build Order

DisK Protoss 

Build Orders: 1 Gate Expand 

Get SALT Encoding   

  12  0:00  Probe  
  13  0:12  Probe  
  14  0:16  Pylon  
  14  0:24  Probe (Chrono Boost)  
  15  0:35  Gateway  
  15  0:36  Probe (Chrono Boost)  
  16  0:45  Probe (Chrono Boost)  
  16  0:46  Assimilator  
  17  0:51  Probe  
  18  1:03  Probe  
  19  1:15  Probe  
  20  1:21  Cybernetics Core  
  20  1:33  Nexus  
  20  1:40  Probe  
  20  1:44  Pylon  
  21  1:49  Assimilator  
  22  1:55  Adept (Chrono Boost)  
  22  2:01  Warp Gate  
  23  2:02  Probe  
  24  2:14  Probe  
  25  2:18  Stalker (Chrono Boost)  
  27  2:26  Probe  
  28  2:38  Probe  
  28  2:41  Stalker (Chrono Boost)  
  30  2:45  Probe (Chrono Boost)  
  30  2:50  Twilight Council  
  32  2:56  Probe (Chrono Boost)  
  33  2:58  Probe (Chrono Boost)  
  33  2:59  Gateway  
  33  3:04  Probe x2 (Chrono Boost)  
  35  3:12  Gateway  
  35  3:16  Probe  
  36  3:27  Shield Battery  
  36  3:31  Probe  
  36  3:32  Probe  
  38  3:46  Pylon  
  38  3:48  Stalker  
  38  3:50  Probe x2  
  42  3:56  Shield Battery  
  42  4:08  Stalker x2  
  30  4:24  Robotics Facility  
  30  4:27  Probe  
Show
View Real Time Build Order
Export as new Build Order

SpeCial Terran - Winner!

Build Orders:  

Get SALT Encoding   

  12  0:00  SCV  
  13  0:12  SCV  
  14  0:17  Supply Depot  
  14  0:24  SCV  
  15  0:38  SCV  
  15  0:41  Barracks  
  16  0:44  Refinery  
  16  0:51  SCV  
  16  0:53  Refinery  
  17  1:03  SCV  
  18  1:15  SCV  
  19  1:28  Reaper  
  19  1:29  Orbital Command  
  20  1:34  Supply Depot  
  20  1:44  Factory  
  20  1:54  SCV  
  20  2:01  Barracks Reactor  
  21  2:06  SCV  
  22  2:18  SCV  
  23  2:24  Command Center  
  23  2:32  Starport  
  23  2:35  SCV  
  24  2:47  SCV  
  24  2:48  Supply Depot  
  25  2:52  Widow Mine x2  
  25  2:53  Marine  
  30  2:59  SCV  
  31  3:11  Medivac  
  33  3:13  Widow Mine x2  
  33  3:14  SCV  
  33  3:17  Marine  
  39  3:26  Armory  
  39  3:37  SCV  
  39  3:38  Orbital Command  
  40  3:44  Widow Mine  
  40  3:45  Widow Mine  
  40  3:48  Marine  
  45  3:49  SCV  
  45  3:53  Medivac  
  48  4:01  SCV  
  49  4:09  Orbital Command  
  49  4:12  Widow Mine x2  
  49  4:14  SCV  
  49  4:15  Barracks Tech Lab  
  51  4:26  SCV  
  52  4:34  Supply Depot  

Tags
 
Add a new tag
Caveats
  • Supply blocks, unpowered buildings, or Contaminate may cause inaccurate times.
  • Supply counts are checked every 10 seconds.